 Dungeon Crawl Stone Soup version 0.31-a0-1074-g0b22e4e0f1 (webtiles) character file.

Game seed: 17442805137855128799

1602 Curundu the Poker (level 8, -6/71 HPs)
             Began as a Minotaur Monk on Dec 8, 2023.
             Mangled by an orc warrior
             ... wielding a +0 long sword
              (10 damage)
             ... on level 6 of the Dungeon on Dec 9, 2023.
             The game lasted 00:23:56 (5026 turns).

Curundu the Poker (Minotaur Monk)                   Turns: 5026, Time: 00:23:57

Health: -6/71      AC:  4    Str: 22    XL:     8   Next: 62%
Magic:  7/7        EV: 13    Int:  7    God:
Gold:   103        SH:  0    Dex: 15    Spells: 7/7 levels left

rFire   . . .        G - +2 hand axe (elec)
rCold   + . .        d - orb {light}
rNeg    . . .        K - +1 ring mail {rC+}
rPois   .            (helmet restricted)
rElec   .            f - +0 cloak
rCorr   .            (no gloves)
SInv    .            (no boots)
Will    .....        (no amulet)
Stlth   +            s - +6 ring of strength
HPRegen 0.31/turn    (no ring)
MPRegen 0.10/turn

%: no passive effects
@: corroded, glowing
A: horns 2, retaliatory headbutt
a: no special abilities


You were on level 6 of the Dungeon.
You visited 1 branch of the dungeon, and saw 6 of its levels.
You also visited: Sewer.

You collected 236 gold pieces.
You spent 133 gold pieces at shops.

Inventory:

Hand Weapons
 n - a +2 dagger of pain
 v - a +1 whip of draining
 F - a +1 trident of distortion
 G - a +2 hand axe of electrocution (weapon)
Missiles
 w - 26 poisoned darts (quivered)
Armour
 d - an orb of light (worn)
 f - a +0 cloak (worn)
 o - a +1 chain mail
 K - a +1 ring mail of cold resistance (worn)
Jewellery
 s - a +6 ring of strength (left hand)
Wands
 j - a wand of roots (9)
 E - a wand of paralysis (10)
Scrolls
 e - 3 scrolls of teleportation
 g - 3 scrolls of identify
 h - a scroll of poison {unknown}
 m - 2 scrolls of acquirement {unknown}
 p - 2 scrolls of fear
 u - a scroll of revelation {unknown}
 x - a scroll of enchant weapon {unknown}
 y - 2 scrolls of fog
 z - a scroll of blinking {unknown}
 C - a scroll of vulnerability
 D - a scroll of amnesia {unknown}
 H - a scroll of torment
 I - a scroll of enchant armour
Potions
 a - a potion of degeneration {unknown}
 c - 2 potions of ambrosia
 i - 2 potions of enlightenment {unknown}
 k - 4 potions of mutation {unknown}
 q - a potion of might {unknown}
 r - a potion of curing {unknown}
 t - a potion of cancellation {unknown}
 A - 3 potions of heal wounds {unknown}
 B - a potion of magic {unknown}
 J - a potion of attraction {unknown}


   Skills:
 + Level 6.3 Fighting
 + Level 2.3 Short Blades
 + Level 2.1(5.3) Axes
 + Level 2.0(2.5) Maces & Flails
 + Level 7.3(7.5) Polearms
 + Level 5.2 Throwing
 + Level 4.6 Armour
 + Level 4.6 Dodging
 + Level 0.5 Stealth
 + Level 0.4 Evocations


You had 7 spell levels left.
You didn't know any spells.
Your spell library contained the following spells:

 Spells                   Type           Power      Damage    Failure   Level
 Apportation              Tloc           0%         N/A       58%         1
 Necrotise                Necr           0%         1d4       58%         1
 Summon Small Mammal      Summ           0%         N/A       58%         1
 Poisonous Vapours        Pois/Air       0%         N/A       73%         2
 Dazzling Flash           Conj/Hex       0%         N/A       91%         3
 Mephitic Cloud           Conj/Pois/Air  0%         N/A       91%         3
 Agony                    Necr           0%         N/A       100%        5
 Freezing Cloud           Conj/Ice/Air   0%         6-21      100%        5
 Silence                  Hex/Air        0%         N/A       100%        5


Dungeon Overview and Level Annotations

Branches:
Dungeon (6/15)              Sewer (visited)
 Temple: D:4-7

Altars:
Dithmenos
Fedhas
Kikubaaqudgha
Makhleb
Okawaru
Qazlal
Ru
Trog
Yredelemnul
Zin
The Shining One

Shops:
D:5 [?*(=


Innate Abilities, Weirdness & Mutations

You have a pair of horns on your head.
You reflexively headbutt those who attack you in melee.


Message History

The ice beast hits you. The ice beast freezes you. You resist.
An orc comes into view. It is wielding a +0 short sword.
The orc shouts!
You hit the ice beast but do no damage.
The ice beast is moderately wounded.
The ice beast closely misses you.
You barely miss the ice beast.
You headbutt the ice beast, but do no damage.
The ice beast is moderately wounded.
The ice beast hits you but does no damage.
You hit the ice beast but do no damage. You headbutt the ice beast.
The ice beast is moderately wounded.
The ice beast hits you but does no damage.
You slash the ice beast!
The ice beast is severely wounded.
The ice beast barely misses you. You furiously retaliate!
You headbutt the ice beast. You hit the ice beast but do no damage.
You headbutt the ice beast.
You kill the ice beast!
Your base Axes skill increases to level 2!
Your Maces & Flails skill increases to level 2!
You hit the orc warrior but do no damage.
Your headbutt misses the orc warrior.
The orc warrior is lightly wounded.
The orc warrior barely misses you. You furiously retaliate!
You headbutt the orc warrior, but do no damage.
You hit the orc warrior. You headbutt the orc warrior!
The orc warrior is moderately wounded.
The orc warrior hits you with a +0 long sword!!
* * * LOW HITPOINT WARNING * * *
You hit the orc warrior.
Lightning courses through the orc warrior!!
You headbutt the orc warrior, but do no damage.
The orc warrior is almost dead.
The orc warrior hits you with a +0 long sword!
* * * LOW HITPOINT WARNING * * *
You barely miss the orc warrior.
The orc warrior is almost dead.
The orc warrior hits you with a +0 long sword!
You die...

#.....##.#
#.#####.
###<##########
#.
#.#≈≈≈≈≈≈≈≈≈
#.
#.#≈........
#.
#.#≈........
#.
#.#≈...~~~~~
#.
#.#≈.....~..
##
#.#≈.....~..
#. #@ofo~~~~♣
#.
#.#≈....)~).
##
#.#≈.....~..
#.#≈...~~~~~
#.#≈........
##
#.#≈........
#.
#.#≈≈≈≈≈≈≈≈≈
#.
#.##########


You could see an orc warrior, a sleepcap and an orc.

Vanquished Creatures
  A steam dragon (D:6)
  An ice beast (D:6)
  An ogre (D:5)
  A phantom (D:4)
  7 kobold brigands
  Blork the orc (D:5)
  3 scorpions
  2 jellies
  A howler monkey (D:5)
  A hound (D:5)
  2 orc priests (D:5)
  An orc wizard (D:3)
  2 iguanas (D:5)
  3 gnolls (D:5)
  6 adders
  2 river rats
  4 worms (Sewer)
  3 dart slugs
  11 orcs
  5 ball pythons
  6 bats
  6 endoplasms
  3 giant cockroaches
  14 goblins
  5 hobgoblins
  8 jackals
  6 quokkas
  6 frilled lizards
  15 kobolds
  9 rats
136 creatures vanquished.

Notes
Turn   | Place    | Note
-------+----------+-------------------------------------------
     0 | D:1      | Curundu the Minotaur Monk began the quest for the Orb.
     0 | D:1      | Reached XP level 1. HP: 19/19 MP: 0/0
   153 | D:1      | Reached XP level 2. HP: 27/27 MP: 1/1
   202 | D:1      | Reached skill level 4 in Polearms
   323 | D:1      | Reached XP level 3. HP: 11/33 MP: 2/2
  1624 | D:3      | Reached XP level 4. HP: 33/41 MP: 3/3
  1634 | D:3      | Reached skill level 5 in Polearms
  1779 | D:3      | Found a glowing drain.
  2078 | D:3      | Found a glowing golden altar of the Shining One.
  2080 | D:3      | Found a basalt altar of Yredelemnul.
  2088 | D:3      | Found an iron altar of Okawaru.
  2089 | D:3      | Found a sacrificial altar of Ru.
  2089 | D:3      | Found a bloodstained altar of Trog.
  2089 | D:3      | Found a glowing silver altar of Zin.
  2089 | D:3      | Found an ancient bone altar of Kikubaaqudgha.
  2090 | D:3      | Found a shadowy altar of Dithmenos.
  2102 | D:3      | Found a blossoming altar of Fedhas.
  2104 | D:3      | Found a burning altar of Makhleb.
  2237 | Sewer    | Entered a sewer
  2257 | Sewer    | Noticed a kobold brigand
  2273 | Sewer    | Killed a kobold brigand
  2274 | Sewer    | Reached skill level 5 in Fighting
  2274 | Sewer    | Reached skill level 1 in Short Blades
  2274 | Sewer    | Reached skill level 1 in Armour
  2274 | Sewer    | Reached XP level 5. HP: 29/48 MP: 4/4
  2599 | Sewer    | Reached XP level 6. HP: 56/56 MP: 5/5
  2755 | Sewer    | Reached skill level 1 in Throwing
  3129 | Sewer    | Reached skill level 6 in Polearms
  3129 | Sewer    | Reached XP level 7. HP: 31/61 MP: 6/6
  3682 | D:4      | You fall into a shaft and drop 1 floor!
  3682 | D:5      | Entered Level 5 of the Dungeon
  3697 | D:5      | Noticed Blork the orc
  3723 | D:5      | Killed Blork the orc
  3806 | D:5      | Reached XP level 8. HP: 28/70 MP: 7/7
  3902 | D:5      | Reached skill level 7 in Polearms
  4208 | D:5      | Found Moanig's Magic Scroll Boutique.
  4224 | D:5      | Found Zesu's Armour Boutique.
  4227 | D:5      | Found Kecre Gant's General Store.
  4234 | D:5      | Bought a scroll of identify for 28 gold pieces
  4272 | D:5      | Bought a scroll of enchant armour for 105 gold pieces
  4313 | D:5      | Reached skill level 1 in Maces & Flails
  4340 | D:5      | Found Inene's Weapon Emporium.
  4373 | D:5      | Found Joacost's Jewellery Shop.
  4648 | D:5      | Found a stormy altar of Qazlal.
  4817 | D:6      | Reached skill level 1 in Axes
  4834 | D:6      | Reached skill level 5 in Throwing
  5025 | D:6      | HP: 3/71 [orc warrior/+0 long sword (9)]
  5026 | D:6      | Mangled by an orc warrior

Illustrated notes

Levels and vault maps discovered:
D:1:      heliophobic_arrival_battle_scene, layout_rooms, st_stairs_4
D:2:      layout_loops_ring, minmay_statues_item, minmay_misc_feat_rugged
D:3:      layout_rooms, minitemple, cheibrodos_sewer_entry_sluice,
          kennysheep_generic_room_7
D:4:      layout_rooms, serial_shops, kennysheep_little_box
D:5:      layout_gridville, general_overflow_altar, serial_shops,
          nicolae_shop_competitors_out_of_business,
          nicolae_shop_window_shopping, shop, shop, shop, uniq_blork_the_orc
D:6:      layout_loops_ring, kennysheep_generic_room_16

Skill      XL: |  1  2  3  4  5  6  7  8 |
---------------+-------------------------+-----
Polearms       | 4 5 6 7 |  7.3
Fighting       | 4 5 6 |  6.3
Dodging        | 4 |  4.6
Short Blades   | 1 2 |  2.3
Armour         | 1 2 3 4 |  4.6
Throwing       | 2 4 5 |  5.2
Maces & Flails | 2 |  2.0
Axes           | 2 |  2.1
Stealth        | |  0.5
Evocations     | |  0.4

Action                     |  1- 3 |  4- 6 |  7- 9 || total
---------------------------+-------+-------+-------++-------
  Melee: Spear             |   119 |   110 |    55 ||   284
         Headbutt          |    19 |    31 |    29 ||    79
         Dagger            |     9 |    36 |       ||    45
         Whip              |       |       |    20 ||    20
         Hand axe          |       |       |    36 ||    36
  Throw: Dart              |       |    59 |    58 ||   117
  Evoke: Wand              |       |       |     4 ||     4
    Use: Scroll            |       |       |     6 ||     6
 Armour: Robe              |    47 |       |       ||    47
         Chain mail        |     9 |    84 |    70 ||   163
         Leather armour    |     4 |       |       ||     4
         Ring mail         |       |       |    18 ||    18
  Dodge: Dodged            |    76 |    46 |    55 ||   177

Table legend: (Time is in decaauts)
 A = Elapsed time spent in this place.
 B = Non-inter-level travel time spent in this place.
 C = Inter-level travel time spent in this place.
 D = Time resting spent in this place.
 E = Time spent auto-exploring this place.
 F = Levels seen in this place.
 G = Mean time per level.
                   A        B        C        D        E       F      G
               +--------+--------+--------+--------+--------+-----+--------+
         Total |   5170 |   5170 |      0 |    304 |   3199 |   7 |  738.6 |
       Dungeon |   3871 |   3871 |      0 |    304 |   2420 |   6 |  645.2 |
         Sewer |   1299 |   1299 |      0 |      0 |    779 |   1 | 1299.0 |
               +--------+--------+--------+--------+--------+-----+--------+

Top non-repeatable levels by time:
   Sewer: 1299 daAuts
     D:5: 1082 daAuts
     D:2: 914 daAuts
     D:1: 680 daAuts
     D:3: 652 daAuts
     D:4: 289 daAuts
     D:6: 252 daAuts
